 Dungeon Crawl Stone Soup version 0.29-a0-1033-gb6c65ffae6 (webtiles) character file.

Game seed: 8037968832696634868

196 siradein the Shooter (level 5, -2/31 HPs)
             Began as a Deep Elf Hunter on Aug 15, 2022.
             Killed by divine providence
             ... invoked by an orc priest
              (10 damage)
             ... on level 4 of the Dungeon.
             The game lasted 00:05:02 (3305 turns).

siradein the Shooter (Deep Elf Hunter)              Turns: 3305, Time: 00:05:03

Health: -2/31      AC:  3    Str:  8    XL:     5   Next: 45%
Magic:  7/7        EV: 13    Int: 14    God:
Gold:   134        SH:  0    Dex: 20    Spells: 4/4 levels left

rFire   . . .      SeeInvis .   a - +0 shortbow
rCold   . . .      Faith    .   (shield currently unavailable)
rNeg    . . .      Spirit   .   c - +0 leather armour
rPois   .          Reflect  .   (no helmet)
rElec   .          Harm     .   (no cloak)
rCorr   .          Rampage  .   (no gloves)
Will    .....                   (no boots)
Stlth   +++.......              (no amulet)
HPRegen 0.10/turn               (no ring)
MPRegen 0.10/turn               (no ring)

@: no status effects
A: no striking features
a: no special abilities


You were on level 4 of the Dungeon.
You visited 1 branch of the dungeon, and saw 4 of its levels.

You collected 134 gold pieces.

Inventory:

Hand Weapons
 a - a +0 shortbow (weapon)
 n - a +0 short sword
Armour
 c - a +0 leather armour (worn)
Wands
 r - a wand of paralysis (8)
Scrolls
 b - 4 scrolls of immolation
 d - a scroll of poison {unknown}
 e - a scroll of magic mapping {unknown}
 h - a scroll of noise {unknown}
 j - 3 scrolls of identify {unknown}
 k - a scroll of butterflies {unknown}
 p - 2 scrolls of teleportation {unknown}
 q - a scroll of enchant weapon {unknown}
Potions
 f - a potion of brilliance {unknown}
 g - a potion of mutation {unknown}
 i - a potion of curing {unknown}
 l - a potion of degeneration {unknown}
 m - 2 potions of flight {unknown}
 o - a potion of attraction {unknown}
 s - 2 potions of berserk rage {unknown}


   Skills:
 + Level 2.6 Fighting
 + Level 6.5 Ranged Weapons
 + Level 4.0 Dodging
 + Level 3.5 Stealth


You had 4 spell levels left.
You didn't know any spells.
Your spell library contained the following spells:

 Spells                   Type           Power      Damage    Failure   Level
 Summon Ice Beast         Ice/Summ       0%         N/A       99%         4
 Summon Mana Viper        Hex/Summ       0%         N/A       100%        5
 Monstrous Menagerie      Summ           0%         N/A       100%        7


Dungeon Overview and Level Annotations

Branches:
Dungeon (4/15)
 Temple: D:4-7

Altars:
Okawaru
Zin

Annotations:
D:4 Edmund


Message History

You are too injured to fight recklessly!
Fire: a) +0 shortbow
Press: ? - help, Q - select action, (/) - cycle Shift-Dir - straight line, f/p - orc priest
Aim: an orc priest, wielding a +1 hand axe of electrocution and wearing a +0 scale mail (lightly wounded, 69% to hit)
You shoot an arrow.
The arrow closely misses the orc priest.
Fire: a) +0 shortbow
Press: ? - help, Q - select action, (/) - cycle Shift-Dir - straight line, f/p - orc priest
Aim: an orc priest, wielding a +1 hand axe of electrocution and wearing a +0 scale mail (lightly wounded, 69% to hit)
You shoot an arrow. The arrow hits the orc priest.
The orc priest is moderately wounded.
Fire: a) +0 shortbow
Press: ? - help, Q - select action, (/) - cycle Shift-Dir - straight line, f/p - orc priest
Aim: an orc priest, wielding a +1 hand axe of electrocution and wearing a +0 scale mail (moderately wounded, 69% to hit)
You shoot an arrow. The arrow hits the orc priest.
The orc priest is moderately wounded.
The orc priest closely misses you. x2
Fire: a) +0 shortbow
Press: ? - help, Q - select action, (/) - cycle Shift-Dir - straight line, f/p - orc priest
Aim: an orc priest, wielding a +1 hand axe of electrocution and wearing a +0 scale mail (moderately wounded, 69% to hit)
You shoot an arrow.
The arrow hits the orc priest but does no damage.
The orc priest is moderately wounded.
The orc priest closely misses you.
Fire: a) +0 shortbow
Press: ? - help, Q - select action, (/) - cycle Shift-Dir - straight line, f/p - orc priest
Aim: an orc priest, wielding a +1 hand axe of electrocution and wearing a +0 scale mail (moderately wounded, 69% to hit)
You shoot an arrow.
The arrow hits the orc priest but does no damage.
The orc priest is moderately wounded.
The orc priest hits you with a +1 hand axe of electrocution!
* * * LOW HITPOINT WARNING * * *
Fire: a) +0 shortbow
Press: ? - help, Q - select action, (/) - cycle Shift-Dir - straight line, f/p - orc priest
Aim: an orc priest, wielding a +1 hand axe of electrocution and wearing a +0 scale mail (moderately wounded, 69% to hit)
You shoot an arrow. The arrow barely misses the orc priest.
A phantom comes into view.
The orc priest invokes the aid of Beogh against you.
Beogh smites you!
You die...

.##W .#. ... ..
##.# #.. #o# #@#
####.####
#.......#
##.......#
#######........#
#..†.<..########
....####### .


You could see a phantom and an orc priest.

Vanquished Creatures
  A howler monkey (D:4)
  5 adders
  4 gnolls (D:2)
  A worm (D:2)
  2 dart slugs
  3 orcs (D:3)
  7 endoplasms
  3 giant cockroaches
  6 goblins
  5 hobgoblins
  4 jackals (D:1)
  A quokka (D:1)
  3 ball pythons
  5 bats
  2 frilled lizards
  5 kobolds
  8 rats
65 creatures vanquished.

Notes
Turn   | Place    | Note
-------+----------+-------------------------------------------
     0 | D:1      | siradein the Deep Elf Hunter began the quest for the Orb.
     0 | D:1      | Reached XP level 1. HP: 12/12 MP: 3/3
    71 | D:1      | Reached XP level 2. HP: 17/17 MP: 4/4
   786 | D:1      | Found a faded altar of an unknown god.
   792 | D:1      | Reached XP level 3. HP: 21/21 MP: 5/5
  1276 | D:2      | Reached skill level 6 in Ranged Weapons
  1276 | D:2      | Reached XP level 4. HP: 26/26 MP: 6/6
  1363 | D:2      | HP: 1/27 [gnoll/+0 spear (8)]
  2612 | D:3      | Reached XP level 5. HP: 29/31 MP: 7/7
  2811 | D:3      | Found an iron altar of Okawaru.
  2844 | D:3      | Found a glowing silver altar of Zin.
  2844 | D:3      | Noticed an angel
  3224 | D:4      | Noticed Edmund
  3305 | D:4      | Noticed a phantom
  3305 | D:4      | Killed from afar by an orc priest

Illustrated notes

Levels and vault maps discovered:
D:1:      dpeg_arrival_ratfight, layout_basic,
          hellmonk_ecumenical_altar_blasted, minmay_pentomino_v2
D:2:      layout_basic, minmay_tree_intersection
D:3:      layout_loops_corners, zin_angel, okawaru_ov_weapons_minmay,
          amcnicky_mini_pool_small
D:4:      layout_rooms, demons_altar, minmay_goblin_outpost, uniq_edmund

Skill      XL: |  1  2  3  4  5 |
---------------+----------------+-----
Stealth        | 2 3 |  3.5
Fighting       | 2 |  2.6
Dodging        | 3 4 |  4.0
Ranged Weapons | 6 |  6.5

Action                   |  1- 3 |  4- 6 || total
-------------------------+-------+-------++-------
 Fire: Shortbow          |    88 |    95 ||   183
Armor: Leather armour    |     1 |     5 ||     6
Dodge: Dodged            |    12 |    20 ||    32

Table legend: (Time is in decaauts)
 A = Elapsed time spent in this place.
 B = Non-inter-level travel time spent in this place.
 C = Inter-level travel time spent in this place.
 D = Time resting spent in this place.
 E = Time spent auto-exploring this place.
 F = Levels seen in this place.
 G = Mean time per level.
                   A        B        C        D        E       F      G
               +--------+--------+--------+--------+--------+-----+--------+
         Total |   3351 |   3221 |    130 |      0 |   2851 |   4 |  837.8 |
       Dungeon |   3351 |   3221 |    130 |      0 |   2851 |   4 |  837.8 |
               +--------+--------+--------+--------+--------+-----+--------+

Top non-repeatable levels by time:
     D:2: 1209 daAuts
     D:1: 1159 daAuts
     D:3: 936 daAuts
     D:4: 45 daAuts
